[Event "Early-Titled-Tuesday-Blitz-June-18-2024"]
[Site "Chess.com"]
[Date "2024.06.18"]
[Round "2"]
[White "Marcin"]
[Black "CheckBits"]
[Result "1-0"]
[WhiteElo "2637"]
[BlackElo "2403"]
[TimeControl "180+1"]
[EndTime "8:18:02 PDT"]
[Termination "Marcin won by resignation"]

1. e4 e5 2. Nf3 Nc6 3. d4 exd4 4. Nxd4 Nf6 5. Nc3 Bb4 6. Nxc6 bxc6 7. Bd3 O-O 8. O-O Re8 9. h3 h6 10. Qf3 d5 11.
exd5 cxd5 12. Bf4 c6 13. Rad1 Be6 14. Ne2 Bd6 15. Rfe1 a5 16. c4 Qc7 17. Bxd6 Qxd6 18.
Nf4 d4 19. Rc1 c5 20. Nxe6 fxe6 21. Bg6 Reb8 22. Rc2 Ra6 23. Rce2 Qd7 24. b3 a4 25.
g4 axb3 26. axb3 Rab6 27. Qf4 Rd6 28. Rxe6 Rd8 29. Rxd6 Qxd6 30. Qxd6 Rxd6 31. f4 Rd8 32. Kf2 Nd7 33. g5 hxg5 34. fxg5 Rb8 35. Bc2 Kf7 36.
Kf3 Nf8 37. h4 Ne6 38. Kg4 d3 39. Bxd3 Rxb3 40. Bg6+ Ke7 41. Bf5 Rb6 42. Rxe6+ Rxe6 43. Bxe6 Kxe6 44. h5 Ke5 45. h6 gxh6 46. gxh6 Kf6 47. Kf4 Kg6 48. Ke5 Kxh6 49. Kd5 Kg7 50. Kxc5 Kf7 51.
Kb6 Ke7 52. c5 Kd8 53. Kb7 Kd7 54. c6+ 1-0

[Event "Early-Titled-Tuesday-Blitz-June-18-2024"]
[Site "Chess.com"]
[Date "2024.06.18"]
[Round "2"]
[White "Kostukov_Alex"]
[Black "Dexter_Dyke"]
[Result "1-0"]
[WhiteElo "2312"]
[BlackElo "2498"]
[TimeControl "180+1"]
[EndTime "8:18:02 PDT"]
[Termination "Kostukov_Alex won on time"]

1. g3 Nf6 2. Bg2 g6 3. c4 Bg7 4. Nf3 d6 5. O-O O-O 6. d4 a6 7. Nc3 Nc6 8. e4 e5 9. d5 Na5 10. b3 c5 11. dxc6 Nxc6 12. Ba3 Qa5 13. Qc1 Rd8 14.
Rd1 Nd4 15. Nxd4 exd4 16. Rxd4 Ng4 17. Rd3 Be6 18. Bb2 Qh5 19. h4 b5 20. cxb5 axb5 21.
Nd5 Bxd5 22. Rxd5 Ne5 23. f4 Qg4 24. fxe5 Qxg3 25. Qe1 Qg4 26. Qd2 Qxh4 27. exd6 Bxb2 28. Qxb2 Rac8 29. Rad1 Qg3 30. d7 Rc7 31. Qf2 Qg4 32. e5 Rcxd7 33. Rxd7 Rxd7 34. Rxd7 1-0

[Event "Early-Titled-Tuesday-Blitz-June-18-2024"]
[Site "Chess.com"]
[Date "2024.06.18"]
[Round "2"]
[White "Vesper2018"]
[Black "XDPS"]
[Result "0-1"]
[WhiteElo "2607"]
[BlackElo "2875"]
[TimeControl "180+1"]
[EndTime "8:18:03 PDT"]
[Termination "XDPS won on time"]

1. e4 c5 2. Nc3 e6 3. Nge2 a6 4. g3 d6 5. Bg2 Nf6 6. d4 cxd4 7.
Nxd4 Be7 8. O-O Qc7 9. f4 Nc6 10. Be3 O-O 11. Kh1 Rb8 12. Qe2 Bd7 13. Rad1 b5 14. a3 Rfc8 15. Nxc6 Bxc6 16. Bd4 a5 17. g4 b4 18. g5 Nd7 19. Nb1 Bb5 20. Qh5 Bxf1 21. Rxf1 Qxc2 22. f5 e5 23. Ba7 Rb7 24. Be3 Qb3 25. Qh3 Rc2 26. Nd2 Qd3 27. Rd1 bxa3 28. bxa3 Rbb2 29. f6 Nxf6 30. gxf6 Bxf6 31.
Bf1 Qxa3 32. Nc4 Rxh2+ 33. Kg1 Rxh3 34. Nxa3 Rxe3 35. Nc4 Rg3+ 36. Kh1 Rb8 37. Nxd6 Rgb3 38. Bc4 Rb1 39. Bxf7+ Kf8 0-1

[Event "Early-Titled-Tuesday-Blitz-June-18-2024"]
[Site "Chess.com"]
[Date "2024.06.18"]
[Round "2"]
[White "Aradhya2000"]
[Black "MVM2008"]
[Result "1-0"]
[WhiteElo "2833"]
[BlackElo "2576"]
[TimeControl "180+1"]
[EndTime "8:18:03 PDT"]
[Termination "Aradhya2000 won by checkmate"]

1. d4 d5 2. Nf3 c6 3. Bf4 Bf5 4. e3 Nd7 5. c4 e6 6. Nc3 Ngf6 7.
Qb3 Qb6 8. c5 Qxb3 9. axb3 Nh5 10. Be2 Nxf4 11. exf4 Be7 12. b4 O-O 13. b5 Nf6 14.
Ne5 cxb5 15. Bxb5 a6 16. Bd3 Bxd3 17. Nxd3 Nd7 18. Ke2 Bf6 19. Ke3 b6 20. b4 a5 21.
c6 axb4 22. Nb5 Rxa1 23. Rxa1 Nc5 24. dxc5 bxc5 25. Ra7 b3 26. c7 c4 27. Rb7 cxd3 28. Rb8 b2 29. Rxf8+ Kxf8 30. c8=Q+ Ke7 31. Qc7+ Kf8 32.
Qb8+ Ke7 33. Qd6+ Ke8 34. Nc7# 1-0

[Event "Early-Titled-Tuesday-Blitz-June-18-2024"]
[Site "Chess.com"]
[Date "2024.06.18"]
[Round "2"]
[White "Individoom"]
[Black "inagreV"]
[Result "1-0"]
[WhiteElo "2788"]
[BlackElo "2426"]
[TimeControl "180+1"]
[EndTime "8:18:03 PDT"]
[Termination "Individoom won by resignation"]

1. d4 Nf6 2. Bg5 Ne4 3. h4 d5 4. Nd2 Bf5 5. e3 c6 6. Ngf3 Nd7 7. c4 Qa5 8. a3 dxc4 9. Bxc4 e6 10. b4 Qb6 11. g4 Nxd2 12. Nxd2 h6 13. gxf5 hxg5 14. fxe6 fxe6 15. Bxe6 O-O-O 16. Qg4 gxh4 17. Rxh4 Rxh4 18. Qxh4 Kb8 19. Ke2 Nf6 20. Qg5 a6 21. Qa5 Qxa5 22. bxa5 Kc7 23. f4 Nd5 24. f5 Nc3+ 25. Kd3 Nb5 26. Nc4 Be7 27. a4 Nd6 28. e4 Bg5 29.
Rg1 Bh6 30. e5 Nxc4 31. Kxc4 b5+ 32. axb6+ Kxb6 33. Rb1+ Ka5 34. Rb7 Kxa4 35. Rb6 a5 36. Rxc6 Ka3 37. Rc8 Rxc8+ 38. Bxc8 a4 39. Bd7 Be3 40.
d5 Bf4 41. e6 Bd6 42. Kb5 Kb3 43. Kc6 Be5 44. d6 a3 45. e7 a2 46. Be6+ 1-0

[Event "Early-Titled-Tuesday-Blitz-June-18-2024"]
[Site "Chess.com"]
[Date "2024.06.18"]
[Round "2"]
[White "Anton_Demchenko"]
[Black "Journey_to_GrandMaster_YT"]
[Result "1-0"]
[WhiteElo "2980"]
[BlackElo "2648"]
[TimeControl "180+1"]
[EndTime "8:18:04 PDT"]
[Termination "Anton_Demchenko won by resignation"]

1. e4 d6 2. d4 Nf6 3. Nc3 e5 4. Nf3 Nbd7 5. Bc4 Be7 6. a4 O-O 7. O-O c6 8. h3 a5 9. Be3 Nb6 10. Bb3 Nfd7 11. Qe2 exd4 12. Bxd4 Nc5 13. Bxc5 dxc5 14.
Rad1 Qc7 15. Rfe1 c4 16. Bxc4 Nxc4 17. Qxc4 Be6 18. Qe2 Qb6 19. b3 Rad8 20. Rxd8 Rxd8 21. Rd1 Rxd1+ 22. Nxd1 Qc5 23. Qd3 h6 24. Nd4 Bc8 25. Ne3 Bf6 26. Ndf5 Be6 27. Ng4 Bb2 28. Qd8+ Kh7 29. Ne7 f6 30. Qe8 Qg5 31. Ng6 Bxg4 32.
Nf8+ Kg8 33. Ne6+ Kh7 34. Nxg5+ hxg5 35. hxg4 Be5 36. Kf1 Bf4 37. Ke2 Be5 38. g3 Bd4 39. Qd7 Be5 40. Qxb7 1-0

[Event "Early-Titled-Tuesday-Blitz-June-18-2024"]
[Site "Chess.com"]
[Date "2024.06.18"]
[Round "2"]
[White "WiktoriaPOL"]
[Black "Timerkhanov"]
[Result "0-1"]
[WhiteElo "2403"]
[BlackElo "2705"]
[TimeControl "180+1"]
[EndTime "8:18:04 PDT"]
[Termination "Timerkhanov won on time"]

1. c4 c6 2. Nf3 d5 3. e3 Nf6 4.
Nc3 a6 5. b3 Bf5 6. Bb2 e6 7.
d4 Nbd7 8. Be2 Bd6 9. Nh4 Be4 10. f3 Bg6 11. O-O Bh5 12. g3 O-O 13. e4 dxe4 14.
fxe4 Bxe2 15. Qxe2 e5 16. Nf3 exd4 17. Nxd4 Bc5 18.
Na4 Ba7 19. Kh1 Re8 20. Nf5 Rxe4 21. Qd3 Ne5 22. Qxd8+ Rxd8 23. Nc3 Rg4 24. h3 Rg5 25. Ne2 Nd3 26. Bc3 Nf2+ 27. Kg2 N2e4 28. Be5 Re8 29. Bd4 Nd2 30. Rf2 Bb8 31. Bxf6 gxf6 32. h4 Rxf5 33. Rxf5 Rxe2+ 34. Rf2 Rxf2+ 35. Kxf2 Ne4+ 36. Kf3 f5 37. Rd1 Bd6 38. g4 Bb4 39. gxf5 Nd2+ 40. Ke2 Kg7 0-1

[Event "Early-Titled-Tuesday-Blitz-June-18-2024"]
[Site "Chess.com"]
[Date "2024.06.18"]
[Round "2"]
[White "DeArron_Fox"]
[Black "Alenzer"]
[Result "1-0"]
[WhiteElo "2476"]
[BlackElo "2179"]
[TimeControl "180+1"]
[EndTime "8:18:04 PDT"]
[Termination "DeArron_Fox won by resignation"]

1. d4 d5 2. c4 dxc4 3. e3 e5 4. Bxc4 Nc6 5. Nf3 exd4 6. exd4 Nf6 7. O-O Be7 8. Nc3 O-O 9. h3 a6 10. Bg5 b5 11. Bb3 Bb7 12. Re1 h6 13. Bh4 Nb4 14.
Ne5 Nbd5 15. Qf3 Rb8 16. Nxd5 Nxd5 17. Bxd5 Bxd5 18. Bxe7 Bxf3 19. Bxd8 Rbxd8 20. Nxf3 g5 21. Rac1 Rd7 22. Rc6 a5 23. Rxh6 Kg7 24. Rc6 f5 25.
Nxg5 Rh8 26. Ree6 Rxd4 27. Rxc7+ Kf8 28. Rf6+ Ke8 29. Rc8+ Kd7 30. Rxh8 1-0

[Event "Early-Titled-Tuesday-Blitz-June-18-2024"]
[Site "Chess.com"]
[Date "2024.06.18"]
[Round "2"]
[White "LeRoidesChampions"]
[Black "ChristopherYoo"]
[Result "1-0"]
[WhiteElo "2671"]
[BlackElo "3017"]
[TimeControl "180+1"]
[EndTime "8:18:06 PDT"]
[Termination "LeRoidesChampions won on time"]

1. e4 c6 2. d4 d5 3. e5 Bf5 4. h4 h5 5. Bg5 Qb6 6. b3 e6 7. Nf3 c5 8. Bd3 Bg4 9. dxc5 Bxc5 10.
O-O Nc6 11. Nc3 Be7 12. Na4 Qc7 13. Be2 Bxf3 14. Bxf3 Nxe5 15. Be2 Nf6 16. Rc1 Ne4 17. c4 Bxg5 18. hxg5 Ng4 19. f4 Ng3 20. cxd5 Qd6 21. Bb5+ Kf8 22. dxe6 Qxe6 23. Re1 Qf5 24. Qd6+ Kg8 25.
Bd3 Qa5 26. Qd7 g6 27. Bxg6 Rf8 28. Re8 fxg6 29. Rxf8+ 1-0

[Event "Early-Titled-Tuesday-Blitz-June-18-2024"]
[Site "Chess.com"]
[Date "2024.06.18"]
[Round "2"]
[White "ChessLover0108"]
[Black "manitodeplomo"]
[Result "0-1"]
[WhiteElo "2904"]
[BlackElo "2642"]
[TimeControl "180+1"]
[EndTime "8:18:06 PDT"]
[Termination "manitodeplomo won on time"]

1. d4 d5 2. Nf3 c6 3. c4 dxc4 4. e3 b5 5. a4 e6 6. Ne5 Nf6 7. axb5 cxb5 8. b3 Bb4+ 9. Bd2 Bxd2+ 10. Nxd2 a5 11. bxc4 b4 12. c5 O-O 13. Bd3 Bb7 14.
O-O Nc6 15. f4 Nxd4 16. exd4 Qxd4+ 17. Kh1 Qxc5 18. Qe2 a4 19. Rfc1 Qd4 20. Ndf3 Qxf4 21. Rc4 Qh6 22. Rh4 Nh5 23. g4 Nf4 24. Rxh6 Nxe2 25. Bxh7+ Kh8 26. Rh5 Nf4 27. Be4+ Nxh5 28. Bxb7 Ra7 29. Bc6 b3 30. gxh5 b2 31. Rd1 a3 32. Nd3 Rc8 33. Nfe5 Rac7 0-1

[Event "Early-Titled-Tuesday-Blitz-June-18-2024"]
[Site "Chess.com"]
[Date "2024.06.18"]
[Round "2"]
[White "northridgehawk"]
[Black "yobdc"]
[Result "1-0"]
[WhiteElo "2351"]
[BlackElo "2524"]
[TimeControl "180+1"]
[EndTime "8:18:06 PDT"]
[Termination "northridgehawk won on time"]

1. e4 g6 2. d4 Bg7 3. Be3 d6 4. Nc3 Nd7 5. Qe2 e6 6. Qd2 h6 7. f4 Ne7 8. Nf3 b6 9. O-O-O Bb7 10. g4 a6 11. Bg2 d5 12. e5 c5 13. Rhf1 Qc7 14. Nh4 h5 15. f5 cxd4 16. Bxd4 hxg4 17. fxe6 fxe6 18. Qf2 Rf8 19. Qg3 Bxe5 20. Bxe5 Qxe5 21.
Rxf8+ Kxf8 22. Rf1+ Kg7 23. Qxg4 Rf8 24. Rxf8 Nxf8 25.
Ne2 Nf5 26. Nxf5+ Qxf5 27. Qd4+ Kg8 28. Qxb6 Qg5+ 29. Kd1 Qxg2 30. Qxb7 Qxh2 31. Qxa6 Qh1+ 32. Kd2 g5 33. Qd6 Qe4 34. Qg3 Qg6 35. a4 Nd7 36. a5 Nc5 37. Qb8+ Kh7 38. Qc7+ Qg7 39. Qxc5 Qxb2 40.
a6 Qa2 41. a7 1-0

[Event "Early-Titled-Tuesday-Blitz-June-18-2024"]
[Site "Chess.com"]
[Date "2024.06.18"]
[Round "2"]
[White "RandomNoob04"]
[Black "Zavgorodniy_Sergiy"]
[Result "0-1"]
[WhiteElo "2822"]
[BlackElo "2600"]
[TimeControl "180+1"]
[EndTime "8:18:07 PDT"]
[Termination "Zavgorodniy_Sergiy won by resignation"]

1. e4 e5 2. d4 exd4 3. Qxd4 d6 4. Nc3 Nf6 5. Bg5 Nc6 6. Qd3 Be7 7. O-O-O O-O 8.
Nf3 Be6 9. h3 Nd7 10. Bxe7 Qxe7 11. Qe3 Rfe8 12. Bd3 Nde5 13. Nxe5 dxe5 14. Bb5 a6 15. Bxc6 bxc6 16. a3 Reb8 17. Na4 Rb5 18. Qc3 Qg5+ 19. Kb1 Qxg2 20. Qxc6 Rab8 21. Qxc7 h6 22.
Rd8+ Rxd8 23. Qxd8+ Kh7 24. Rd1 Qxh3 25. Ka1 h5 26.
Nc3 Rc5 27. Qd6 Rxc3 28. bxc3 Qxc3+ 29. Kb1 h4 30. Qb4 Qf3 31. Rd3 Qxf2 32. Qc3 Qf4 33. Rf3 Qxe4 34. Re3 Qd4 35. Qe1 g5 36. Rxe5 Qc4 37. Kc1 Qf4+ 38. Kb1 h3 39. Rxe6 fxe6 40. Qxe6 h2 41. Qh3+ Kg6 42. Kb2 g4 43. Qh8 Qf6+ 44.
Qxf6+ Kxf6 0-1

[Event "Early-Titled-Tuesday-Blitz-June-18-2024"]
[Site "Chess.com"]
[Date "2024.06.18"]
[Round "2"]
[White "Niteshch"]
[Black "Andrey_Klymchuk"]
[Result "0-1"]
[WhiteElo "2327"]
[BlackElo "2722"]
[TimeControl "180+1"]
[EndTime "8:18:08 PDT"]
[Termination "Andrey_Klymchuk won by resignation"]

1. e4 c5 2. Nf3 Nc6 3. Bb5 g6 4. O-O Bg7 5. c3 Qb6 6. Na3 Nf6 7. e5 Nd5 8. Bc4 e6 9. Bxd5 exd5 10. d4 cxd4 11. cxd4 O-O 12. Qb3 Qxb3 13. axb3 d6 14. Nb5 dxe5 15. Nc7 Rb8 16. dxe5 Nxe5 17. Bf4 Nxf3+ 18.
gxf3 Bh3 19. Rfd1 a6 20. Nxd5 Rbd8 21. Nc3 Rfe8 22. Be3 Be6 23. b4 f5 24. Rab1 Bc4 25. Bg5 Rxd1+ 26. Rxd1 h6 27. Be3 Kf7 28. Rd7+ Re7 29.
Rd6 Be5 30. Rd8 g5 31. Kg2 Kg6 32. Bc5 Rf7 33. Rg8+ Rg7 34. Re8 Bf6 35. Rc8 Rd7 36.
Rg8+ Bxg8 0-1

[Event "Early-Titled-Tuesday-Blitz-June-18-2024"]
[Site "Chess.com"]
[Date "2024.06.18"]
[Round "2"]
[White "Jeppesen08"]
[Black "chessbaerchen"]
[Result "0-1"]
[WhiteElo "2464"]
[BlackElo "2490"]
[TimeControl "180+1"]
[EndTime "8:18:08 PDT"]
[Termination "chessbaerchen won by checkmate"]

1. e4 e6 2. d4 d5 3. exd5 exd5 4. Nf3 Nf6 5. c4 Be7 6. Nc3 O-O 7. cxd5 Nxd5 8. Bc4 Nb6 9. Bb3 Bf5 10. O-O Nc6 11.
Be3 Bf6 12. a3 Re8 13. Qd2 Na5 14. Ba2 Nac4 15. Qe2 Nd6 16. Rac1 Qd7 17. Rfd1 Rad8 18. Nd5 Nxd5 19. Bxd5 c6 20. Ba2 Bg4 21. h3 Bh5 22. d5 Rc8 23. dxc6 Rxc6 24. Rxc6 Qxc6 25. Bd5 Qa4 26. g4 Bg6 27. Kg2 h6 28. Kg3 Be4 29.
Bxe4 Nxe4+ 30. Kg2 Bxb2 31. Bd4 Nc3 32. Bxc3 Rxe2 33.
Rd8+ Kh7 34. Bxb2 Qc2 35. Bd4 Qe4 36. Be3 Qxe3 37. Kg3 Rxf2 38. Rd3 Rxf3+ 39. Kh4 Qg5# 0-1

[Event "Early-Titled-Tuesday-Blitz-June-18-2024"]
[Site "Chess.com"]
[Date "2024.06.18"]
[Round "2"]
[White "temus_galaktionov"]
[Black "santosalberto1987"]
[Result "1/2-1/2"]
[WhiteElo "2845"]
[BlackElo "2600"]
[TimeControl "180+1"]
[EndTime "8:18:09 PDT"]
[Termination "Game drawn by repetition"]

1. d4 Nf6 2. c4 d6 3. Nf3 g6 4. Nc3 Bf5 5. h3 Bg7 6. g4 Bd7 7. Bg2 O-O 8. O-O Nc6 9. Bf4 a6 10. Qd2 Rb8 11. Rac1 b5 12. c5 b4 13. Nb1 Ne4 14. Qe3 d5 15. Nbd2 Nxd2 16. Qxd2 Re8 17.
Bh6 Bh8 18. e3 Bc8 19. Nh2 e5 20. dxe5 Nxe5 21. Qxd5 Nd3 22. Rc2 Nxb2 23. Qb3 Be6 24. Qxb2 Bxb2 25. Rxb2 a5 26. Bf3 a4 27. Rd1 Qc8 28.
Bc6 Rd8 29. Bxa4 Qa6 30. Bc2 Rxd1+ 31. Bxd1 Bxa2 32. Bf4 Bd5 33. Bxc7 Rc8 34. Be5 Qc4 35. Nf1 Qxc5 36. Bd4 Qd6 37. f3 b3 38. Kf2 Qb4 39.
Nd2 Qa3 40. Bxb3 Bxb3 41. Rxb3 Qa2 42. Rb2 Qa4 43. Ne4 Kf8 44. Nf6 Rc2+ 45. Rxc2 Qxc2+ 46. Kg3 h6 47. h4 Qd1 48. Kg2 Qe2+ 49. Kg3 Qe1+ 50. Kh3 Qh1+ 51. Kg3 g5 52. hxg5 hxg5 53. Ne4 Qg1+ 54. Kh3 Qh1+ 55. Kg3 Qg1+ 56. Kh3 Qh1+ 57. Kg3 1/2-1/2

[Event "Early-Titled-Tuesday-Blitz-June-18-2024"]
[Site "Chess.com"]
[Date "2024.06.18"]
[Round "2"]
[White "CristhianPortalR"]
[Black "JiiHart"]
[Result "1-0"]
[WhiteElo "2483"]
[BlackElo "2202"]
[TimeControl "180+1"]
[EndTime "8:18:09 PDT"]
[Termination "CristhianPortalR won on time"]

1. e4 c5 2. Nf3 Nc6 3. d4 cxd4 4. Nxd4 Nf6 5. Nc3 d6 6. Bg5 Bd7 7. Be2 a6 8. Qd2 e6 9. O-O-O Be7 10. f3 O-O 11.
Nb3 Qc7 12. Bf4 Ne5 13. g4 Rfd8 14. h4 Be8 15. h5 b5 16. g5 Nfd7 17. a3 Rac8 18.
Nd4 Nb6 19. g6 Nbc4 20. Bxc4 Qxc4 21. gxh7+ Kxh7 22. Qg2 a5 23. Rdg1 Bf8 24. Bh6 g6 25. hxg6+ Nxg6 26. Bxf8+ Kg8 27. Qh3 Kxf8 28. Rxg6 Qxd4 29.
Qh6+ Ke7 30. Qg5+ 1-0

[Event "Early-Titled-Tuesday-Blitz-June-18-2024"]
[Site "Chess.com"]
[Date "2024.06.18"]
[Round "2"]
[White "eltenedor"]
[Black "sleeping_in_the_fire"]
[Result "0-1"]
[WhiteElo "2122"]
[BlackElo "2468"]
[TimeControl "180+1"]
[EndTime "8:18:09 PDT"]
[Termination "sleeping_in_the_fire won on time"]

1. f4 g6 2. Nf3 Bg7 3. g3 d6 4. Bg2 e5 5. d3 Ne7 6. O-O O-O 7. c4 Nbc6 8. Nc3 Nd4 9. e3 Ndc6 10. Ng5 exf4 11. gxf4 Nf5 12. Nd5 Nce7 13. Rb1 Re8 14. e4 Nxd5 15. cxd5 Bd4+ 16. Kh1 Ne3 17. Bxe3 Bxe3 18. Qf3 Bd4 19. Qg3 Qf6 20. b4 Bd7 21. Rbc1 Rac8 22. Nf3 Be3 23. Ng5 Bxc1 24. Rxc1 h6 25. Nf3 Kg7 26. Qf2 Bg4 27. Nd4 Bd7 28. Rc4 c5 29. dxc6 bxc6 30. h3 c5 31. bxc5 dxc5 32. Nc2 Qb2 33. a4 Be6 34. Rxc5 Qc1+ 35. Kh2 Rxc5 36. Qxc5 Qxf4+ 37. Kg1 Rc8 38. Qd4+ Kg8 39.
Ne3 Rc1+ 40. Nf1 Rc7 41. Qd8+ Kg7 42. e5 Rd7 43. Qa5 Qd4+ 44. Kh2 Qxd3 45. Qc5 Qd4 0-1

[Event "Early-Titled-Tuesday-Blitz-June-18-2024"]
[Site "Chess.com"]
[Date "2024.06.18"]
[Round "2"]
[White "sansanathalia"]
[Black "pfalcon1949"]
[Result "1-0"]
[WhiteElo "2437"]
[BlackElo "1783"]
[TimeControl "180+1"]
[EndTime "8:18:09 PDT"]
[Termination "sansanathalia won by checkmate"]

1. e4 e6 2. d4 d5 3. Nd2 Nc6 4. Ngf3 Nf6 5. Bd3 Be7 6. c3 O-O 7. O-O dxe4 8. Nxe4 e5 9. dxe5 Ng4 10. Bf4 f5 11. exf6 Nxf6 12. Bc4+ Kh8 13. Neg5 Qe8 14. Qc2 g6 15. Rfe1 Na5 16. Be6 Bxe6 17. Nxe6 Qf7 18. Nfg5 Qg8 19. Nxf8 Rxf8 20. Bxc7 Bc5 21. Be5 Bb6 22.
Ne4 Bd8 23. Nxf6 Bxf6 24. Bxf6+ Rxf6 25. Re4 Nc6 26. Rae1 Rf8 27. Qb3 Qg7 28. Re8 Qf6 29. Rxf8+ Qxf8 30. Qxb7 Nd8 31. Qd7 Nf7 32. Re8 Kg7 33. Rxf8 Kxf8 34. Qxa7 Kg7 35. Qd4+ Kh6 36. b4 Ng5 37. b5 Ne6 38. Qh4+ Kg7 39. Qe7+ Kh6 40.
Qxe6 Kh5 41. b6 h6 42. b7 g5 43. Qf7+ Kh4 44. g3+ Kg4 45. f3+ Kh3 46. Qh5# 1-0

[Event "Early-Titled-Tuesday-Blitz-June-18-2024"]
[Site "Chess.com"]
[Date "2024.06.18"]
[Round "2"]
[White "Iuckyducky"]
[Black "ValentinDragnev"]
[Result "0-1"]
[WhiteElo "2286"]
[BlackElo "2706"]
[TimeControl "180+1"]
[EndTime "8:18:10 PDT"]
[Termination "ValentinDragnev won by resignation"]

1. d4 Nf6 2. c4 g6 3. Nf3 Bg7 4. g3 O-O 5. Bg2 d6 6. O-O Re8 7. Nc3 Bd7 8. b4 e5 9. Bb2 Qc8 10. Re1 e4 11. Nd2 e3 12. fxe3 Ng4 13. Nf1 Nxe3 14.
Nxe3 Rxe3 15. Nd5 Re8 16. e4 Nc6 17. b5 Ne7 18. e5 Nxd5 19. Bxd5 c6 20. bxc6 Bxc6 21.
exd6 Bxd5 22. cxd5 Qc4 23. Rxe8+ Rxe8 24. d7 Rd8 25.
Qg4 Qc2 26. Re1 Bf8 27. Ba1 h5 28. Qh3 Qxa2 29. Bc3 Qxd5 30. Re8 Rxd7 31. Qf1 Rd8 32. Qe2 Rxe8 33. Qxe8 Qc6 34. Bb4 Qxe8 0-1

[Event "Early-Titled-Tuesday-Blitz-June-18-2024"]
[Site "Chess.com"]
[Date "2024.06.18"]
[Round "2"]
[White "gabduschew"]
[Black "myburger"]
[Result "0-1"]
[WhiteElo "2310"]
[BlackElo "2533"]
[TimeControl "180+1"]
[EndTime "8:18:10 PDT"]
[Termination "myburger won on time"]

1. e4 c5 2. Nf3 d6 3. d4 cxd4 4. Nxd4 Nf6 5. Bd3 e5 6. Nf3 Nc6 7. c4 Be7 8. Nc3 Bg4 9. O-O Nd4 10. Be2 Nxe2+ 11. Qxe2 O-O 12. b3 Nd7 13. h3 Bh5 14. Nd5 Nc5 15. Ba3 Ne6 16. Qe3 Bxf3 17. Qxf3 Nd4 18. Qd3 Re8 19. Bb2 Ne6 20. f4 exf4 21. Nxf4 Bf6 22. Bxf6 Qxf6 23. Nd5 Qe5 24. Rad1 Rad8 25.
Rf5 Qb2 26. Qf3 Nd4 27. Rxd4 Qxd4+ 28. Kh2 Qxe4 29. Rxf7 Qxf3 30. Rxf3 Re2 31. Rd3 Rxa2 32. Ne7+ Kf7 33. Nf5 g6 34. Nh6+ Kg7 35. Ng4 a5 36. Ne5 a4 37. bxa4 Rxa4 38. Kg3 Ra5 39. Nf3 Rc5 40.
Rd4 d5 41. cxd5 Rdxd5 42. Rb4 b5 43. Kh2 Rc4 44. Rb1 b4 45. Ra1 b3 46. Ra7+ Kh6 47. Rb7 Rd3 48. Ne5 Rcc3 49. Nxd3 Rxd3 50. g4 g5 51. Kg2 Kg6 52. Rb5 h6 53. Kh2 Kf7 54.
Kg2 Ke7 55. Rb6 Rd2+ 56. Kg3 b2 0-1

[Event "Early-Titled-Tuesday-Blitz-June-18-2024"]
[Site "Chess.com"]
[Date "2024.06.18"]
[Round "2"]
[White "Chopper1905"]
[Black "xakevicius91"]
[Result "1-0"]
[WhiteElo "2930"]
[BlackElo "2630"]
[TimeControl "180+1"]
[EndTime "8:18:11 PDT"]
[Termination "Chopper1905 won on time"]

1. d4 Nf6 2. c4 e6 3. a3 c5 4. Nf3 cxd4 5. Nxd4 b6 6. f3 Bb7 7. e4 d6 8. Nc3 a6 9. Be3 Nbd7 10.
Be2 Qc7 11. O-O Be7 12. Qd2 O-O 13. b4 Rfc8 14. Rfc1 Qd8 15. Bf1 h6 16. Nb3 Qf8 17. Na4 Bd8 18. Qf2 Rab8 19. Rab1 Ba8 20. Bd4 e5 21.
Be3 g5 22. Nc3 Qg7 23. Nd5 Bb7 24. Kh1 g4 25. Be2 Kh8 26. fxg4 Nxe4 27. Qf5 Ndf6 28. Bd3 Nxd5 29. cxd5 Nc3 30. Qh5 Bxd5 31. Bxh6 1-0

[Event "Early-Titled-Tuesday-Blitz-June-18-2024"]
[Site "Chess.com"]
[Date "2024.06.18"]
[Round "2"]
[White "Blitzking642"]
[Black "teresin05"]
[Result "1-0"]
[WhiteElo "2528"]
[BlackElo "2307"]
[TimeControl "180+1"]
[EndTime "8:18:11 PDT"]
[Termination "Blitzking642 won by checkmate"]

1. d4 d5 2. c4 c6 3. Nf3 Nf6 4. Nc3 e6 5. g3 dxc4 6. Bg2 b5 7. Ne5 Qb6 8. O-O Bb7 9. a4 a6 10. b3 cxb3 11. Qxb3 Be7 12. Rd1 O-O 13. e4 Nbd7 14.
Be3 Qc7 15. Nxd7 Nxd7 16. Rdc1 Qd8 17. a5 c5 18. d5 c4 19. Qc2 b4 20. Na4 exd5 21.
exd5 Rc8 22. d6 Bxg2 23. dxe7 Qxe7 24. Kxg2 b3 25. Qe2 Qe4+ 26. Qf3 Qe5 27. Bf4 Qxa5 28. Nc3 Qb4 29. Nd5 Qc5 30. Rxa6 Rfe8 31. Bd6 Qb5 32.
Ra7 b2 33. Rb1 Nc5 34. Ne7+ Rxe7 35. Rxe7 Nb3 36. Qxf7+ Kh8 37. Qxg7# 1-0

[Event "Early-Titled-Tuesday-Blitz-June-18-2024"]
[Site "Chess.com"]
[Date "2024.06.18"]
[Round "2"]
[White "Durarbayli"]
[Black "Mikozovna"]
[Result "1-0"]
[WhiteElo "2939"]
[BlackElo "2631"]
[TimeControl "180+1"]
[EndTime "8:18:12 PDT"]
[Termination "Durarbayli won by checkmate"]

1. e4 d6 2. d4 g6 3. Nc3 Bg7 4. Be3 c6 5. Qd2 b5 6. h3 Nf6 7.
Bd3 a5 8. Nf3 Bb7 9. Bh6 Bxh6 10. Qxh6 b4 11. Ne2 c5 12. Ng3 cxd4 13. Nxd4 Qb6 14. c3 Nbd7 15. O-O Rc8 16. Rac1 Rc5 17. Kh1 Ba6 18. Bxa6 Qxa6 19. f4 bxc3 20. bxc3 Qd3 21. Rf3 Qd2 22. Nb3 Qb2 23. Kh2 Rc4 24. Nxa5 Ra4 25. Re1 Rxa5 26. Re2 Qb1 27. Rf1 Qb5 28. Rfe1 Nh5 29. Nf1 Nhf6 30. e5 dxe5 31. fxe5 Nd5 32. e6 N7f6 33. exf7+ Kxf7 34. Re5 Qb8 35. Ng3 Rxa2 36.
c4 Nc3 37. Rxe7+ Kg8 38. Qg7# 1-0

[Event "Early-Titled-Tuesday-Blitz-June-18-2024"]
[Site "Chess.com"]
[Date "2024.06.18"]
[Round "2"]
[White "Eduard_Limonov"]
[Black "Mikhail_Golubev"]
[Result "0-1"]
[WhiteElo "2939"]
[BlackElo "2654"]
[TimeControl "180+1"]
[EndTime "8:18:13 PDT"]
[Termination "Mikhail_Golubev won by resignation"]

1. e4 c5 2. Nf3 d6 3. Bb5+ Bd7 4. c4 g6 5. Nc3 Bg7 6. O-O Nf6 7. d4 cxd4 8. Nxd4 O-O 9. h3 a6 10. Bxd7 Nbxd7 11. Be3 Rc8 12. b3 b5 13. cxb5 Rxc3 14. Nc6 Qe8 15. Bd4 Nxe4 16. Re1 Ndf6 17. Bxc3 Nxc3 18. Nxe7+ Kh8 19. Nxg6+ hxg6 20. Rxe8 Rxe8 21. Qd3 Nxb5 22. a4 Ne4 23. Re1 Nbc3 24. f3 d5 25. fxe4 dxe4 26. Qxa6 e3 27. Qc6 Re6 28. Qxe6 fxe6 29. a5 Bd4 30. b4 e2+ 31. Kh2 Bf2 32. a6 Bxe1 33. a7 Bg3+ 0-1

[Event "Early-Titled-Tuesday-Blitz-June-18-2024"]
[Site "Chess.com"]
[Date "2024.06.18"]
[Round "2"]
[White "Chessbard1972"]
[Black "twofoxniel"]
[Result "0-1"]
[WhiteElo "2227"]
[BlackElo "2698"]
[TimeControl "180+1"]
[EndTime "8:18:13 PDT"]
[Termination "twofoxniel won by checkmate"]

1. e4 d5 2. exd5 Nf6 3. d4 Bg4 4. f3 Bf5 5. c4 e6 6. dxe6 Nc6 7. Be3 Bb4+ 8. Nc3 Qe7 9. Bd3 fxe6 10. Ne2 O-O-O 11.
Bxf5 exf5 12. Qd2 Rhe8 13. Kf2 Ne5 14. dxe5 Rxd2 15. Bxd2 Bc5+ 16. Kf1 Qxe5 17. Bf4 Qe6 18. b3 Nh5 19. Bd2 Rd8 20. Rd1 h6 21. g3 g5 22. Kg2 Rd3 23. Bc1 Rxd1 24. Rxd1 c6 25. Nd4 Bxd4 26. Rxd4 Qe1 27. Bd2 Qe5 28. Rd3 f4 29. g4 Nf6 30. h3 h5 31. Kf2 hxg4 32.
hxg4 Qe8 33. Ne2 Qh8 34. Kg2 Qh7 35. Rc3 Qb1 36. Nc1 Qb2 37. Rd3 Qc2 38. Kf2 Nd7 39.
Ke2 Ne5 40. Rd4 Qh7 41. Nd3 Qh2+ 42. Nf2 Qg2 43. Re4 Qxf3+ 44. Ke1 Nxg4 45. Re2 Nxf2 46.
Rxf2 Qd3 47. Rg2 f3 48. Rxg5 Qe2# 0-1